 Dungeon Crawl Stone Soup version 0.23-a0-558-g30802b1 (console) character file.

113754 Duffy the Severer (level 16, -4/146 HPs)
             Began as a Naga Fighter on Dec 12, 2018.
             Was the Champion of Cheibriados.
             Engulfed by a cloud of freezing vapour (28 damage)
             ... in an ice cave.
             The game lasted 00:35:58 (28992 turns).

Duffy the Severer (Naga Fighter)                   Turns: 28992, Time: 00:35:58

Health: -4/146     AC: 18    Str: 47    XL:     16   Next: 64%
Magic:  8/16       EV: 14    Int: 26    God:    Cheibriados [******]
Gold:   1398       SH: 29    Dex: 28    Spells: 7/15 levels left

rFire    + + .     SeeInvis +   a - +0 broad axe (elec)
rCold    + . .     Gourm    .   b - +0 large shield
rNeg     . . .     Faith    .   H - +2 plate armour {rF+}
rPois    +         Spirit   .   (no helmet)
rElec    +         Reflect  +   R - scarf {rC+ rF+}
rCorr    .         Harm     .   k - +0 pair of gloves
MR       +++..                  (no barding)
Stlth    ..........             l - +6 amulet of reflection
HPRegen  0.34/turn              Q - ring of Wariness {rElec MP-9 Str+6 Int+3 Dex+2}
MPRegen  0.15/turn              w - ring of protection from magic

@: very slow
A: large, see invisible, deformed body, poison resistance, slowness 2, slow
metabolism 1, spit poison 1, constrict 1, AC +5
a: Spit Poison, Bend Time, Temporal Distortion, Slouch, Step From Time, Renounce
Religion


You were in an ice cave.
You worshipped Cheibriados.
Cheibriados was exalted by your worship.
You were not hungry.

You visited 5 branches of the dungeon, and saw 25 of its levels.
You also visited: Ossuary, Gauntlet and Ice Cave.

You collected 2578 gold pieces.
You spent 1180 gold pieces at shops.

Inventory:

Hand Weapons
 a - a +0 broad axe of electrocution (weapon)
Missiles
 y - 4 throwing nets (quivered)
Armour
 b - a +0 large shield (worn)
 k - a +0 pair of gloves (worn)
 H - a +2 plate armour of fire resistance (worn)
 R - a scarf of resistance (worn)
Jewellery
 l - a +6 amulet of reflection (around neck)
 u - an uncursed ring of protection from fire
 w - a ring of protection from magic (right hand)
 B - an uncursed ring of resist corrosion
 Q - the ring of Wariness (left hand) {rElec MP-9 Str+6 Int+3 Dex+2}
   (You found it in a Gauntlet)

   [ring of dexterity]

   It affects your strength (+6).
   It affects your intelligence (+3).
   It affects your dexterity (+2).
   It insulates you from electricity.
   It affects your magic capacity (-9).
Wands
 n - a wand of iceblast (14)
 J - a wand of digging (3)
 N - a wand of polymorph (10)
 V - a wand of enslavement (4)
Scrolls
 e - 2 scrolls of vulnerability {unknown}
 h - 15 scrolls of teleportation
 i - a scroll of enchant weapon {unknown}
 j - 14 scrolls of remove curse
 o - 9 scrolls of blinking
 q - 2 scrolls of fear
 t - 4 scrolls of amnesia {unknown}
 x - 4 scrolls of magic mapping
 z - 4 scrolls of immolation
 C - 4 scrolls of fog
 F - 3 scrolls of enchant armour
 M - a scroll of brand weapon
Potions
 d - 7 potions of might
 g - 4 potions of invisibility
 m - 5 potions of heal wounds
 p - 10 potions of curing
 r - 6 potions of lignification
 s - 4 potions of mutation
 v - 3 potions of magic
 A - 3 potions of brilliance
 D - 2 potions of ambrosia
 G - a potion of flight
 I - 4 potions of agility
Miscellaneous
 L - a box of beasts
 S - a fan of gales
Comestibles
 f - 38 rations


   Skills:
 - Level 10.0 Fighting
 + Level 15.0 Axes
 - Level 10.0 Armour
 - Level 10.0 Dodging
 + Level 9.0 Shields
 + Level 12.5 Invocations
 - Level 8.0 Evocations


You had 7 spell levels left.
You knew the following spells:

 Your Spells              Type           Power        Failure   Level  Hunger
a - Regeneration          Chrm/Necr      #.........   99%         3    ####...
b - Spectral Weapon       Hex/Chrm       #.......     99%         3    ####...
c - Song of Slaying       Chrm           #.......     94%         2    ###....

Your spell library contained the following spells:

 Spells                   Type           Power        Failure   Level  Hunger
 Freeze                   Ice            #...         86%         1    ##.....
 Infusion                 Chrm           #...         86%         1    ##.....
 Shroud of Golubria       Chrm/Tloc      #.........   94%         2    ###....
 Throw Frost              Conj/Ice       #.....       94%         2    ###....
 Ozocubu's Armour         Chrm/Ice       #.......     99%         3    ####...
 Summon Ice Beast         Ice/Summ       #.......     100%        4    #####..
 Throw Icicle             Conj/Ice       #.......     100%        4    #####..
 Irradiate                Conj/Tmut      #.........   100%        5    ######.
 Hydra Form               Tmut           #.........   100%        6    #######
 Statue Form              Tmut/Erth      #........    100%        6    #######
 Dragon Form              Tmut           #.........   100%        7    #######


Dungeon Overview and Level Annotations

Branches:
Dungeon (15/15)            Temple (1/1) D:4            Lair (6/6) D:8
 Shoals (0/4) Lair:4        Snake (0/4) Lair:2        Slime (0/5) Lair:5
    Orc (2/2) D:10            Elf (1/3) Orc:2        Vaults (0/5) D:13
 Depths (0/5) D:15

Altars:
Ashenzari
Cheibriados
Dithmenos
Elyvilon
Fedhas
Gozag
Hepliaklqana
Kikubaaqudgha
Makhleb
Nemelex Xobeh
Okawaru
Qazlal
Ru
Sif Muna
Trog
Uskayaw
Vehumet
Wu Jian
Xom
Yredelemnul
Zin
The Shining One
Beogh

Shops:
Orc:2 (}*[   Elf:1 (

Annotations:
D:9 2 transporters
Lair:3 exclusion: oklob plant


Innate Abilities, Weirdness & Mutations

You cannot wear boots.
Your serpentine skin is tough. (AC +5)
You have supernaturally acute eyesight. (SInv)
Armour fits poorly on your strangely shaped body.
Your system is resistant to poisons. (rPois)
You cover ground very slowly.
You have a slow metabolism.
You can spit poison.
You can use your snake-like lower body to constrict enemies.


Message History

You are feeling very hungry.
You are engulfed in freezing vapours.
You resist.
You are engulfed in freezing vapours.
You resist.
You enter the shallow water.
Moving in this stuff is going to be slow.
You are engulfed in freezing vapours.
You resist.
You start resting.
You are engulfed in freezing vapours.
You resist.
An ufetubus comes into view.
You slice the ufetubus!!
You kill the ufetubus!
Cheibriados thoroughly appreciates the change of pace.
You eat one of the 39 rations.
That ration really hit the spot!
You start resting.
Magic restored.
You are engulfed in freezing vapours.
You resist.
You warp the flow of time around you!
You feel somewhat more hungry.
You warp the flow of time around you!
You feel quite a bit more hungry.
You are engulfed in freezing vapours.
You resist.
You die...

##....#.####.
##...#..[.##0.
#.0####..##0.#
###
#00###..##0.~0
..#
##00.##..###0.#
#.#
##0.0##...####0.
#..#
#000####...####.
#.00#####0#
###...##.
#0@0##0#0#
##...##
####.00.##
##.... ######
###.. ###


There were no monsters in sight!

Vanquished Creatures
  Agnes (D:14)
  Frances (D:13)
  The ghost of Xodoxeg the Cruncher, a journeyman NaWz of Kikubaaqudgha (Lair:4)
  A dire elephant (D:15)
  A minotaur (Gauntlet)
  A green death (Gauntlet)
  A fire dragon (Lair:5)
  Josephine (D:12)
  Fannar (D:10)
  6 hydras
  3 centaur warriors
  A catoblepas (Lair:3)
  4 two-headed ogres
  7 death yaks
  A queen ant (D:11)
  2 orc high priests
  A deep elf knight (Elf:1)
  4 unseen horrors
  2 deep elf archers (Elf:1)
  An orc knight (Orc:2)
  A lindwurm (Lair:6)
  2 necromancers (D:13)
  15 ugly things
  7 orc sorcerers (Orc:2)
  5 deep elf magi
  2 manticores (D:15)
  A salamander (D:15)
  4 cyclopes
  5 centaur zombies
  11 elephants
  3 ice statues
  A black mamba (Lair:6)
  A guardian serpent (shapeshifter) (Elf:1)
  An orange demon (Gauntlet)
  A torpor snail (Lair:4)
  A smoke demon (Gauntlet)
  22 spiny frogs
  Psyche (D:9)
  An eye of devastation (Lair:5)
  3 gargoyles
  13 rime drakes
  2 efreet
  2 freezing wraiths
  10 komodo dragons
  5 trolls
  3 meliai (D:15)
  3 tyrant leeches (Lair:6)
  2 polar bears
  2 hornets
  A queen bee (shapeshifter) (D:13)
  A wolf spider simulacrum (IceCv)
  20 blink frogs
  A harpy skeleton (D:14)
  2 slime creatures (D:15)
  12 hippogriffs
  4 dream sheep (Lair:4)
  5 flying skulls (Gauntlet)
  A dire elephant simulacrum (IceCv)
  A water elemental (Elf:1)
  53 yaks
  A vampire (D:14)
  4 wraiths (D:12)
  2 shadows
  A wyvern (D:10)
  2 basilisks
  6 steam dragons (Lair:5)
  A hungry ghost (D:8)
  17 wargs
  A naga (Lair:2)
  12 vampire mosquitoes
  An acid dragon (D:14)
  A hydra simulacrum (IceCv)
  20 soldier ants (D:11)
  Duvessa (D:4)
  13 water moccasins
  10 porcupines
  A swamp drake (D:10)
  An ice beast (D:14)
  15 orc warriors
  3 sky beasts
  3 black bears
  2 phantoms
  An alligator simulacrum (IceCv)
  2 eyes of draining
  5 centaurs
  17 ogres
  31 wolves
  A centaur (shapeshifter) (D:15)
  14 crocodiles
  Blork the orc (D:3)
  An elf zombie (Ossuary)
  28 bullfrogs
  3 big kobolds
  A wyvern skeleton (D:9)
  Dowan (D:4)
  6 scorpions
  7 killer bees
  7 howler monkeys
  15 wights
  4 electric eels
  10 crimson imps
  A quasit (D:13)
  3 hounds
  3 jellies
  7 centaur skeletons
  3 bullfrog skeletons
  31 orc wizards
  An iguana (D:13)
  15 orc priests
  28 worker ants
  4 hell rats (Lair:6)
  A troll simulacrum (IceCv)
  A big kobold zombie (Ossuary)
  2 centaur simulacra (IceCv)
  A hound zombie (Ossuary)
  4 mummies (Ossuary)
  A hound skeleton (D:4)
  17 gnolls
  A howler monkey skeleton (D:7)
  3 worker ant zombies
  20 adders
  4 shadow imps
  2 white imps (IceCv)
  2 ufetubi (IceCv)
  4 oozes
  2 adder zombies
  An adder skeleton (D:9)
  4 worms
  A dart slug (D:1)
  4 leopard geckos
  88 orcs
  5 giant cockroaches
  8 goblins
  9 hobgoblins
  3 jackals (D:8)
  7 quokkas
  A ball python (D:1)
  4 bats
  4 frilled lizards
  A goblin zombie (Ossuary)
  A hobgoblin zombie (Ossuary)
  A jackal skeleton (D:5)
  11 kobolds
  3 kobold zombies (Ossuary)
  2 orc zombies (Ossuary)
  10 rats
  A rat zombie (Ossuary)
  A bush (Lair:6)
  A fungus (Lair:5)
  3 plants
880 creatures vanquished.

Vanquished Creatures (others)
  A centaur warrior (D:14)
  A deep elf archer (Elf:1)
  2 cyclopes
  5 centaurs
  An orc wizard (Orc:2)
  An orc priest (D:10)
  A goblin (D:3)
  10 fungi (Lair:6)
  36 plants (Lair:6)
58 creatures vanquished.

Grand Total: 938 creatures vanquished

Notes
Turn   | Place    | Note
-------+----------+-------------------------------------------
     0 | D:1      | Duffy the Naga Fighter began the quest for the Orb.
     0 | D:1      | Reached XP level 1. HP: 21/21 MP: 1/1
    22 | D:2      | Reached XP level 2. HP: 26/28 MP: 2/2
    42 | D:2      | Reached XP level 3. HP: 14/34 MP: 3/3
    52 | D:2      | Reached skill level 3 in Axes
   417 | D:2      | Reached XP level 4. HP: 40/42 MP: 4/4
   551 | D:4      | Found a blossoming altar of Fedhas.
   553 | D:4      | Noticed Blork the orc
   701 | D:3      | Killed Blork the orc
   701 | D:3      | Reached skill level 4 in Axes
   701 | D:3      | Reached XP level 5. HP: 20/49 MP: 5/5
   923 | D:5      | Entered Level 5 of the Dungeon
   957 | D:6      | Reached XP level 6. HP: 56/56 MP: 6/6
  2145 | D:2      | Found a white marble altar of Elyvilon.
  2158 | D:2      | Reached skill level 5 in Axes
  2777 | D:3      | Found a faded altar of an unknown god.
  3092 | D:4      | Reached XP level 7. HP: 55/62 MP: 7/7
  3229 | D:4      | Reached skill level 5 in Shields
  3282 | D:4      | Found a shadowy altar of Dithmenos.
  3286 | D:4      | Noticed Dowan
  3312 | D:4      | Noticed Duvessa
  3344 | D:4      | Killed Dowan
  3598 | D:4      | Killed Duvessa
  3598 | D:4      | Reached skill level 6 in Axes
  3690 | D:4      | Found a staircase to the Ecumenical Temple.
  3794 | Temple   | Entered the Ecumenical Temple
  3817 | Temple   | Became a worshipper of Cheibriados the Contemplative
  4188 | D:5      | Reached XP level 8. HP: 66/69 MP: 8/8
  4283 | D:5      | Found an iron altar of Okawaru.
  4774 | D:5      | Reached skill level 7 in Axes
  5468 | D:6      | Reached * piety under Cheibriados
  5483 | D:6      | HP: 3/69 [orc priest/nerve-wracking pain (12)]
  5818 | D:6      | Found Ril Ruhi's Magic Scroll Emporium.
  6149 | D:7      | Reached skill level 8 in Axes
  6382 | D:7      | Found a shimmering altar of Xom.
  6436 | D:7      | Reached XP level 9. HP: 61/75 MP: 9/9
  6514 | D:7      | Found a basalt altar of Yredelemnul.
  6633 | D:7      | Reached ** piety under Cheibriados
  7124 | D:7      | Reached skill level 9 in Axes
  7533 | D:8      | Found a basalt altar of Yredelemnul.
  7606 | D:8      | Found a sand-covered staircase.
  7621 | Ossuary  | Entered an ossuary
  7625 | Ossuary  | Reached *** piety under Cheibriados
  7922 | D:8      | Found a staircase to the Lair.
  8632 | D:8      | Got a slimy cloak
  8650 | D:8      | Identified the +1 cloak of Freedom {MR+ Str+3 Slay-3} (You
                  | found it on level 8 of the Dungeon)
  8737 | D:9      | Reached XP level 10. HP: 84/84 MP: 10/10
  8739 | D:9      | Reached skill level 10 in Axes
  8773 | D:9      | Found a sacrificial altar of Ru.
  8792 | D:9      | Noticed Psyche
  8802 | D:9      | Killed Psyche
  8869 | D:9      | Found a sparkling altar of Nemelex Xobeh.
  9051 | D:9      | Found a transporter.
  9051 | D:9      | Noticed a cyclops
  9052 | D:9      | Noticed a cyclops
  9053 | D:9      | Noticed a fire giant
  9054 | D:9      | Noticed a necromancer
  9059 | D:9      | Found a transporter.
  9295 | D:9      | Found an ornate altar of the Wu Jian Council.
  9365 | D:9      | Reached skill level 1 in Invocations
  9444 | D:9      | Noticed a shining eye
  9448 | D:9      | Noticed a deep troll
  9448 | D:9      | a shining eye changed into a deep troll
  9506 | D:9      | Noticed an eye of devastation
  9519 | D:9      | Noticed a wolf spider
  9519 | D:9      | an eye of devastation changed into a wolf spider
  9712 | D:10     | Entered Level 10 of the Dungeon
  9733 | D:10     | Reached **** piety under Cheibriados
  9993 | D:10     | Reached skill level 5 in Fighting
 10058 | D:10     | Reached XP level 11. HP: 83/96 MP: 14/14
 10116 | D:10     | Noticed Fannar
 10128 | D:10     | Reached skill level 5 in Invocations
 10134 | D:10     | Killed Fannar
 10364 | D:10     | Reached ***** piety under Cheibriados
 10491 | D:10     | Noticed a two-headed ogre
 10499 | D:10     | Killed a two-headed ogre
 10499 | D:10     | Reached skill level 5 in Armour
 11017 | D:10     | Noticed an unseen horror
 11024 | D:10     | Killed an unseen horror
 11063 | D:10     | Found a staircase to the Orcish Mines.
 11336 | D:11     | Noticed a two-headed ogre
 11343 | D:11     | Killed a two-headed ogre
 11368 | D:11     | Noticed a six-headed hydra
 11379 | D:11     | Killed a six-headed hydra
 11379 | D:11     | Reached XP level 12. HP: 37/110 MP: 17/17
 11715 | D:11     | Got a shimmering bronze ring
 11717 | D:11     | Identified the ring of Puubeb {*Tele rF+} (You found it on
                  | level 11 of the Dungeon)
 11986 | D:11     | Reached ****** piety under Cheibriados
 12027 | D:11     | Noticed a queen ant
 12042 | D:11     | Killed a queen ant
 12738 | Orc:1    | Entered Level 1 of the Orcish Mines
 12786 | Orc:1    | Reached skill level 1 in Dodging
 12852 | Orc:2    | Entered Level 2 of the Orcish Mines
 12852 | Orc:2    | Found a staircase to the Elven Halls.
 12879 | Orc:1    | Found a roughly hewn altar of Beogh.
 13057 | Orc:1    | Noticed an orc high priest
 13074 | Orc:2    | Killed an orc high priest
 13195 | Orc:1    | Noticed an orc high priest
 13412 | Orc:1    | Killed an orc high priest
 13733 | Orc:2    | Gained mutation: You can use your snake-like lower body to
                  | constrict enemies. [Naga growth]
 13733 | Orc:2    | Reached XP level 13. HP: 101/122 MP: 19/19
 13941 | Orc:2    | Reached skill level 10 in Fighting
 14141 | Orc:2    | Found Suwkeah's Armour Boutique.
 14141 | Orc:2    | Found Ojyir's General Store.
 14164 | Orc:2    | Found a roughly hewn altar of Beogh.
 14182 | Orc:2    | Found Weenised's Gadget Boutique.
 14182 | Orc:2    | Found Beazann's Antique Weapon Shoppe.
 14342 | Orc:2    | Found a bloodstained altar of Trog.
 14672 | Orc:2    | Bought a +2 plate armour of fire resistance for 440 gold
                  | pieces
 14692 | Orc:2    | Bought a wand of iceblast (9) for 169 gold pieces
 14692 | Orc:2    | Bought a scroll of teleportation for 39 gold pieces
 14723 | Orc:2    | Bought a wand of digging (3) for 196 gold pieces
 14723 | Orc:2    | Bought a wand of acid (8) for 336 gold pieces
 14882 | Lair:1   | Entered Level 1 of the Lair of Beasts
 15025 | Lair:1   | Reached skill level 1 in Evocations
 15189 | Lair:1   | Reached skill level 5 in Dodging
 16332 | Lair:2   | Found a staircase to the Snake Pit.
 16759 | Lair:3   | Learned a level 3 spell: Regeneration
 16763 | Lair:3   | Learned a level 3 spell: Spectral Weapon
 17103 | Lair:3   | Learned a level 2 spell: Song of Slaying
 17448 | Lair:3   | Reached XP level 14. HP: 132/132 MP: 20/20
 17468 | Lair:3   | Reached skill level 5 in Evocations
 17468 | Lair:3   | Reached skill level 10 in Armour
 18433 | Lair:4   | Found a staircase to the Shoals.
 18475 | Lair:4   | Found a gate leading to a gauntlet.
 18495 | Gauntlet | Entered a Gauntlet
 18495 | Gauntlet | Found a transporter.
 18495 | Gauntlet | Found a transporter.
 18511 | Gauntlet | Found a transporter.
 18513 | Gauntlet | Found a transporter.
 18525 | Gauntlet | Found a transporter.
 18529 | Gauntlet | Found a transporter.
 18538 | Gauntlet | Found a transporter.
 18538 | Gauntlet | Found a transporter.
 18547 | Gauntlet | Found a transporter.
 18556 | Gauntlet | Found a transporter.
 18593 | Gauntlet | Found a transporter.
 18595 | Gauntlet | Found a transporter.
 18700 | Gauntlet | Identified the +8 great sword of Disarray {holy, rElec rF-
                  | Str+4}
 18815 | Gauntlet | Got a brightly glowing copper ring
 18817 | Gauntlet | Identified the ring of Wariness {rElec MP-9 Str+6 Int+3
                  | Dex+2} (You found it in a Gauntlet)
 19530 | Lair:4   | Found a runed gate.
 19530 | Lair:4   | Found a runed gate.
 19531 | Lair:4   | Found a runed gate.
 19532 | Lair:4   | Noticed Xodoxeg's ghost (journeyman NaWz)
 19557 | Lair:4   | Killed Xodoxeg's ghost
 20349 | Lair:5   | Found a staircase to the Slime Pits.
 20584 | Lair:5   | Reached skill level 10 in Dodging
 20976 | Lair:6   | Entered Level 6 of the Lair of Beasts
 21000 | Lair:6   | Reached XP level 15. HP: 103/138 MP: 12/21
 21024 | Lair:5   | Reached skill level 11 in Axes
 21453 | Lair:6   | Reached skill level 12 in Axes
 22106 | Lair:6   | Got a shimmering iron ring
 22108 | Lair:6   | Identified the ring "Pygosch Rorey" {rC+ Str-3 Dex+3 Slay-6
                  | Stlth-} (You found it on level 6 of the Lair of Beasts)
 22324 | Lair:6   | Reached skill level 13 in Axes
 23046 | D:12     | Found a sacrificial altar of Ru.
 23210 | D:12     | Noticed Josephine
 23215 | D:12     | Killed Josephine
 23611 | D:13     | Noticed Frances
 23623 | D:13     | Killed Frances
 23914 | D:13     | Identified a scroll of acquirement
 24002 | D:13     | Reached skill level 14 in Axes
 24141 | D:13     | Found a roughly hewn altar of Beogh.
 24578 | D:13     | Found a gate to the Vaults.
 24689 | D:13     | Reached skill level 10 in Invocations
 24806 | D:14     | Reached XP level 16. HP: 130/146 MP: 14/23
 24958 | D:14     | Found an iron altar of Okawaru.
 25916 | D:14     | Noticed Agnes
 25926 | D:14     | Killed Agnes
 26343 | D:14     | Found an iron altar of Okawaru.
 26892 | D:15     | Entered Level 15 of the Dungeon
 27230 | D:15     | Found a deep blue altar of Sif Muna.
 27789 | D:15     | Found a staircase to the Depths.
 28240 | Elf:1    | Entered Level 1 of the Elven Halls
 28240 | Elf:1    | Found Jelucif's Antique Weapon Emporium.
 28314 | Elf:1    | Reached skill level 15 in Axes
 28428 | Elf:1    | Found a frozen archway.
 28511 | IceCv    | Entered an ice cave
 28922 | IceCv    | HP: 7/146 [something (10)]
 28992 | IceCv    | Engulfed by a cloud of freezing vapour

Vault maps used:
D:1:      onia_arrival_handbag, minmay_pentomino_v2
D:2:      old_standard_altar, first_ration, kennysheep_crisscross,
          columned_hall_lemuel
D:3:      chequers_ecumenical_altar_lobes, bh_walls_and_bars
D:4:      nicolae_dithmenos_the_darkroom, temple_pool_b, fedhas_ov_isle_minmay,
          uniq_duvessa, uniq_blork_the_orc
D:5:      lemuel_round_altar, minivault_23
D:6:      serial_shops, shop
D:7:      overflow_temple_1_default, basic_altar, grunt_ogre_cave
D:8:      minmay_weird_star, yredelemnul_altar_generic, lair_entry_dummy,
          enter_ossuary_1
D:9:      gammafunk_sealed_arena, lemuel_coloured_pillars_altar,
          lemuel_doored_altar, nemelex_dance_club_becter, uniq_psyche
D:10:     minmay_clustersquares, erik_orc_1, uniq_fannar
D:11:     minivault_29
D:12:     small_statue_alley_a, nicolae_ru_sacrificial_ziggurat, uniq_josephine
D:13:     david_vaults_1, uniq_frances
D:14:     serial_glass, glass_columns_b, glass_columns_a, glass_columns_a,
          glass_columns_c, glass_columns_a, glass_columns_a,
          okawaru_ov_weapons_minmay, uniq_agnes
D:15:     hangedman_depths_entry_try_elsewhere_first, lemuel_tele_altar,
          serial_park_tiny_2
Temple:   minmay_freezing_vapour_temple
Lair:1:   beast_lair_carwin_2, lemuel_fruit_fields, lemuel_fruit_fields
Lair:2:   guppyfry_snake_entry_island, grunt_megastairs_1, lemuel_fruit_fields
Lair:3:   minmay_lair_oklob_tunnel, st_stairs_3, serial_bayou_shore_a,
          serial_bayou_shore_b
Lair:4:   shoals_dummy_entry, gauntlet_entry_generic, ebering_ghost_rock_garden
Lair:5:   minmay_slime_entry_eyes, st_stairs_6, bobbens_dragon_lair_wall
Lair:6:   minmay_lair_end_frog_pond
Orc:1:    basic_altar
Orc:2:    st_orc_town, trog_book
Elf:1:    serial_shops, nicolae_shop_temple_entry_statues_fountains,
          portal_ice_cave_entry_ice_statue_one, minmay_elf_demonology,
          hex_large, minmay_the_grid_square_5x5_3x3_mashed
Ossuary:  ossuary_minmay_tomb_2a
IceCv:    ice_cave_caverns_02
Gauntlet: gammafunk_gauntlet_hard_choice

Skill      XL: |  1  2  3  4  5  6  7  8  9 10 11 12 13 14 15 16 |
---------------+-------------------------------------------------+-----
Shields        | 3 4 5 7 8 9 |  9.0
Axes           | 3 4 5 6 8 9 10 14 15 | 15.0
Invocations    | 4 7 9 10 12 | 12.5
Armour         | 4 6 8 9 10 | 10.0
Fighting       | 5 7 9 10 | 10.0
Dodging        | 3 6 10 | 10.0
Evocations     | 4 8 |  8.0

Action                   |  1- 3 |  4- 6 |  7- 9 | 10-12 | 13-15 | 16-18 || total
-------------------------+-------+-------+-------+-------+-------+-------++-------
Melee: War axe           |    24 |   233 |   274 |       |       |       ||   531
       Hand axe          |       |       |   123 |   547 |   996 |       ||  1666
       Constrict         |       |       |       |       |   232 |    47 ||   279
       Broad axe         |       |       |       |       |    17 |   178 ||   195
Invok: Slouch            |       |       |       |     2 |     8 |     2 ||    12
       Temporal Distorti |       |       |       |       |     2 |     5 ||     7
 Abil: Spit Poison       |     6 |     7 |     3 |       |       |       ||    16
Evoke: Wand              |       |       |       |     5 |    22 |     3 ||    30
       Fan of gales      |       |       |       |       |     1 |       ||     1
  Use: Scroll            |       |       |     7 |     3 |    15 |     2 ||    27
       Potion            |       |       |     2 |       |       |       ||     2
 Stab: Distracted        |       |       |       |     1 |       |       ||     1
       Confused          |       |       |       |     6 |       |       ||     6
  Eat: Chunk             |       |     6 |     8 |    10 |    10 |     2 ||    36
       Ration            |       |       |     2 |     1 |     4 |     3 ||    10
Armor: Scale mail        |    11 |    71 |       |       |       |       ||    82
       Chain mail        |       |     6 |    94 |   124 |    19 |       ||   243
       Plate armour      |       |       |       |       |   200 |    47 ||   247
Dodge: Dodged            |    10 |    54 |    31 |    85 |   311 |    76 ||   567
Block: Shield            |    10 |   204 |   292 |   507 |  1033 |   236 ||  2282
       Reflection        |       |     3 |     9 |    21 |    21 |    41 ||    95
       Large shield      |       |       |       |       |       |     9 ||     9

Table legend:
 A = Non-vault XP
 B = Vault XP
 C = Vault XP percentage of total XP
 D = Non-vault monster count
 E = Vault monster count
 F = Vault count percentage of total count
                 A         B        C        D         E       F
            +---------+---------+-------+---------+---------+-------
      Total |  108121 |   54386 |  33.5 |     583 |     302 |  34.1
            +---------+---------+-------+---------+---------+-------
        D:1 |      50 |      14 |  21.9 |      24 |       6 |  20.0
        D:2 |     154 |       0 |   0.0 |      26 |       0 |   0.0
        D:3 |     162 |     100 |  38.2 |      20 |       1 |   4.8
        D:4 |     245 |     209 |  46.0 |       6 |       2 |  25.0
        D:5 |     595 |       0 |   0.0 |      18 |       0 |   0.0
        D:6 |     612 |       0 |   0.0 |      14 |       0 |   0.0
        D:7 |    1114 |     122 |   9.9 |      23 |       1 |   4.2
        D:8 |     930 |       0 |   0.0 |      15 |       0 |   0.0
        D:9 |    1064 |     556 |  34.3 |      14 |       3 |  17.6
       D:10 |    6684 |    2908 |  30.3 |      40 |      28 |  41.2
       D:11 |    5677 |    4617 |  44.9 |      35 |      40 |  53.3
       D:12 |    4925 |    2142 |  30.3 |      24 |       5 |  17.2
       D:13 |    5784 |    4680 |  44.7 |      31 |      29 |  48.3
       D:14 |   15214 |    2163 |  12.4 |      47 |       1 |   2.1
       D:15 |    9006 |    2671 |  22.9 |      21 |       4 |  16.0
     Lair:1 |    3752 |     817 |  17.9 |      22 |       4 |  15.4
     Lair:2 |    3816 |     172 |   4.3 |      28 |       1 |   3.4
     Lair:3 |   10094 |     349 |   3.3 |      27 |       2 |   6.9
     Lair:4 |    7063 |    1434 |  16.9 |      29 |       1 |   3.3
     Lair:5 |    7639 |    7313 |  48.9 |      22 |      22 |  50.0
     Lair:6 |   12486 |   11815 |  48.6 |      40 |      48 |  54.5
      Orc:1 |    2511 |       0 |   0.0 |      16 |       0 |   0.0
      Orc:2 |    4006 |    5767 |  59.0 |      33 |      63 |  65.6
      Elf:1 |    4538 |     442 |   8.9 |       8 |       1 |  11.1
    Ossuary |       0 |     232 | 100.0 |       0 |      16 | 100.0
      IceCv |       0 |    1337 | 100.0 |       0 |      12 | 100.0
   Gauntlet |       0 |    4526 | 100.0 |       0 |      12 | 100.0
            +---------+---------+-------+---------+---------+-------
